AoeStats
← TheLastPalomin

Arabia

509772581Analyzed
1v1 RM · 4d ago on Sep 28, 2026· 50m 41s· 2 players
Game mode
Random Map
Map size
Tiny (2 player)
Population
200
Speed
Normal
Resources
Standard
Victory
Conquest
Starting age
Dark Age
Ending age
Imperial Age
RankedLock teamsTeams togetherTeam positionsShared explorationLock speedFull tech treeHidden civsTurbo modeCheats
Victory
Defeat
🇨🇱 Ethiopians · Chile
987
+15
🇨🇴 Tupi · Colombia
962
-15
An*Other*Exit*
3:31 Loom
10:51 Feudal Age
11:26 Double-Bit Axe
17:26 Castle Age
18:42 Champi Runner
19:24 Squires
21:02 Wheelbarrow
21:02 Horse Collar
24:34 Fletching
24:08 Elite Skirmisher
25:24 Bodkin Arrow
26:55 Padded Archer Armor
27:06 Town Watch
29:38 Champi Warrior
31:05 Hand Cart
31:35 Gold Mining
31:58 Bow Saw
31:51 Heavy Plow
33:10 Caciques
34:20 Leather Archer Armor
34:16 Forging
35:23 Scale Mail Armor
38:10 Iron Casting
38:49 Gold Shaft Mining
38:36 Ballistics
41:01 Imperial Age
41:22 Chain Mail Armor
42:11 Conscription
42:04 Curare
42:33 Bracer
44:26 Ring Archer Armor
44:58 Chemistry
44:51 Elite Champi Warrior
47:07 Pikeman
47:47 Crossbowman
TheLastPalomin
10:28 Feudal Age
9:46 Loom
14:59 Castle Age
13:11 Double-Bit Axe
15:14 Fletching
17:18 Bodkin Arrow
18:27 Crossbowman
19:49 Horse Collar
22:40 Wheelbarrow
21:55 Town Watch
25:03 Thumb Ring
26:13 Ballistics
26:12 Padded Archer Armor
28:20 Gold Mining
28:22 Stone Mining
30:07 Stone Shaft Mining
32:21 Gold Shaft Mining
33:46 Light Cavalry
34:27 Husbandry
36:55 Royal Heirs
37:16 Leather Archer Armor
37:07 Scale Barding Armor
40:43 Imperial Age
39:37 Chain Barding Armor
39:28 Forging
39:58 Masonry
41:35 Bracer
42:05 Ring Archer Armor
43:20 Bow Saw
43:14 Heavy Plow
44:21 Chemistry
43:52 Architecture
43:17 Murder Holes
43:59 Iron Casting
43:25 Scale Mail Armor
43:27 Arbalester
44:17 Hussar
45:28 Elite Skirmisher
50:17 Devotion
50:38 Sanctity
51:17 Conscription
Connection lost

Rejoining the realm…

Still unreachable

The connection could not be restored.

Session expired

The server has moved on; the page needs a fresh start.